 Dungeon Crawl Stone Soup version 0.31-a0-1626-g5cb510d322 (webtiles) character file.

Game seed: 10048742460532631247

32836 Newt the Markskobold (level 14, -15/77 HPs)
             Began as a Kobold Hunter on Jan 12, 2024.
             Was an Elder of Hepliaklqana.
             Killed from afar by an efreet (30 damage)
             ... with a bolt of fire
             ... on level 15 of the Dungeon.
             The game lasted 00:23:28 (16748 turns).

Newt the Markskobold (Kobold Hunter)               Turns: 16748, Time: 00:23:28

Health: -15/77     AC: 13    Str:  8    XL:     14   Next: 4%
Magic:  22/22      EV: 22    Int: 11    God:    Hepliaklqana [****..]
Gold:   945        SH:  0    Dex: 23    Spells: 14/24 levels left

rFire   . . .        a - +2 shortbow
rCold   . . .        (shield currently unavailable)
rNeg    . . .        c - +0 leather armour
rPois   .            D - +2 helmet
rElec   .            I - scarf {harm}
rCorr   .            F - +0 pair of gloves
SInv    +            d - +1 pair of boots
Will    +....        (no amulet)
Stlth   ++++         t - ring of see invisible
HPRegen 0.32/turn    e - +4 ring of protection
MPRegen 0.18/turn

%: harm (+30% outgoing, +20% incoming)
@: spiked
A: reduced essence, small, no large weapons, nightstalker 3
a: Renounce Religion, Recall Ancestor, Ancestor Identity, Transference, Idealise


You were on level 15 of the Dungeon.
You worshipped Hepliaklqana.
Hepliaklqana was greatly pleased with you.
You visited 2 branches of the dungeon, and saw 16 of its levels.

You collected 945 gold pieces.

Inventory:

Hand Weapons
 a - a +2 shortbow (weapon)
Missiles
 A - 5 throwing nets
Armour
 c - a +0 leather armour (worn)
 d - a +1 pair of boots (worn)
 B - a +0 cloak
 D - a +2 helmet (worn)
 E - a +1 cloak
 F - a +0 pair of gloves (worn)
 I - a scarf of harm (worn)
Jewellery
 e - a +4 ring of protection (right hand)
 f - a +6 ring of strength
 g - a ring of protection from cold
 o - a ring of resist corrosion
 t - a ring of see invisible (left hand)
 y - a ring of willpower
Wands
 C - a wand of digging (6)
Scrolls
 n - 5 scrolls of vulnerability
 q - a scroll of teleportation
 r - 2 scrolls of immolation
 u - 2 scrolls of amnesia
 G - 2 scrolls of fog
Potions
 h - a potion of degeneration
 i - a potion of cancellation
 j - 3 potions of mutation
 k - 2 potions of berserk rage
 l - 3 potions of haste
 m - 3 potions of curing
 p - 3 potions of enlightenment
 s - 2 potions of attraction
 v - a potion of invisibility
 x - a potion of ambrosia
 z - a potion of heal wounds {unknown}
 K - a potion of lignification {unknown}
Miscellaneous
 J - a lightning rod (3/4)
 L - a tin of tremorstones (inert)


   Skills:
 - Level 9.0 Fighting
 - Level 15.0 Ranged Weapons
 - Level 10.0 Dodging
 - Level 6.0 Stealth
 - Level 5.7 Spellcasting
 - Level 6.0 Conjurations
 - Level 5.7 Hexes
 - Level 8.5 Invocations
 + Level 12.4 Evocations


You had 14 spell levels left.
You knew the following spells:

 Your Spells              Type           Power      Damage    Failure   Level
a - Sigil of Binding      Hex            15%        N/A       9%          3
b - Confusing Touch       Hex            15%        N/A       9%          3
c - Slow                  Hex            60%        N/A       2%          1
d - Dazzling Flash        Conj/Hex       32%        N/A       8%          3

Your spell library contained the following spells:

 Spells                   Type           Power      Damage    Failure   Level
 Call Imp                 Summ           6%         N/A       41%         2
 Lesser Beckoning         Tloc           6%         N/A       41%         2
 Sublimation of Blood     Necr           3%         N/A       41%         2
 Gell's Gravitas          Tloc           3%         N/A       65%         3
 Teleport Other           Tloc           3%         N/A       65%         3
 Vampiric Draining        Necr           3%         2d6       65%         3
 Volatile Blastmotes      Fire/Tloc      6%         2d10      65%         3
 Starburst                Conj/Fire      4%         6d4       100%        6
 Summon Hydra             Summ           1%         N/A       100%        7
 Maxwell's Capacitive Co  Air            1%         ∞         100%        8


Dungeon Overview and Level Annotations

Branches:
Dungeon (15/15)            Temple (1/1) D:4            Lair (0/5) D:8
    Orc (0/2) D:12         Vaults (0/5) D:13
 Depths: D:15

Altars:
Ashenzari
Cheibriados
Dithmenos
Elyvilon
Fedhas
Gozag
Hepliaklqana
Kikubaaqudgha
Makhleb
Nemelex Xobeh
Okawaru
Qazlal
Ru
Sif Muna
Trog
Uskayaw
Vehumet
Wu Jian
Xom
Yredelemnul
Zin
The Shining One

Annotations:
D:3 3 runed translucent doors, Sundig's ghost, amateur FoFi
D:4 2 transporters
D:15 Jorgrun


Innate Abilities, Weirdness & Mutations

Your life essence is reduced to manifest your ancestor. (-10% HP)
You are small and have problems with some larger weapons.
You are completely attuned to the shadows.


Message History

Aim: a manticore (lightly wounded, ally target, 81% to hit)
Amenemopet hits the manticore with a +0 flail!
The manticore flicks its tail.
The volley of spikes skewers you.
The barbed spikes become lodged in your body.
Okay, then.
Aiming: Iceblast
Press: ? - help, Shift-Dir - straight line, p - manticore The mass of ice explodes!
The iceblast engulfs the efreet!
The efreet is frozen!
The efreet is moderately wounded.
The iceblast engulfs the manticore!!
The manticore is almost dead.
Aiming: Iceblast
Press: ? - help, Shift-Dir - straight line, f - manticore
Aim: a manticore (almost dead)
The mass of ice explodes!
The iceblast engulfs the efreet!
The efreet is frozen!
The efreet is severely wounded.
The iceblast engulfs the manticore!!
You kill the manticore!
The now-empty wand crumbles to dust.
The efreet gestures at you.
The fireball explodes!
The fireball engulfs you!
* * * LOW HITPOINT WARNING * * *
An ogre mage comes into view. It is wielding a +0 club.
Unknown command.
Unknown command.
As you read the scroll of butterflies, it crumbles to dust.
You hear the flapping of tiny wings.
Amenemopet hits the efreet with a +0 flail.
The efreet gestures at you. The bolt of fire hits your butterfly!
Your butterfly dies!
Your butterfly disappears in a burst of colours!
The bolt of fire hits your butterfly!!
Your butterfly dies!
Your butterfly disappears in a burst of colours!
The bolt of fire hits you!!
You die...

#..... ......
#..... ....#
#..... ....#
#..☼.. ....####
...#######○○.○.
.###.#.##
#..#bb@..R†...○
.# ##.#R#
#..#bb####R####
.# #.#.##
#..#b## ....
.####.#.###.bbO#
#..HR.
....####.....#.#
##.... ....#
#.......#
....####.......+
...............#
####.#.....#...#


You could see the friendly Amenemopet the knight, an ogre mage (ally target) and
an efreet (ally target).

Vanquished Creatures
  Azrael (D:12)
  Josephine (D:14)
  A hydra (D:13)
  The ghost of freelancePsychic the Fighter, a journeyman DsEE of Vehumet (D:10)
  A vault guard (D:13)
  3 boulder beetles
  An ironbound frostheart (D:13)
  2 two-headed ogres
  5 skeletal warriors (D:13)
  4 ugly things
  A deep elf pyromancer (D:14)
  2 manticores (D:15)
  A cyclops (D:11)
  6 slime creatures
  A gargoyle (D:12)
  A rime drake (D:8)
  An unseen horror (D:12)
  A kobold demonologist (D:10)
  An efreet (D:15)
  A tengu conjurer (D:13)
  2 trolls
  A polar bear (D:8)
  2 raiju (D:11)
  Prince Ribbit (D:8)
  4 wraiths (D:14)
  A shadow (D:10)
  7 yaks (D:10)
  A vampire (D:12)
  2 fire elementals
  A human (D:13)
  2 steam dragons (D:8)
  7 vampire mosquitoes
  Menkaure (D:5)
  An acid dragon (D:12)
  4 hell hounds (D:12)
  2 water moccasins (D:8)
  2 orc warriors (D:7)
  5 ice beasts (D:8)
  A black bear (D:5)
  2 laughing skulls (D:13)
  3 wolves (D:8)
  2 ogres (D:5)
  4 centaurs
  A phantom (D:3)
  6 kobold brigands
  3 bullfrogs
  2 gnoll sergeants
  A scorpion (D:4)
  6 wights
  10 killer bees
  A howler monkey (D:5)
  8 electric eels
  3 hounds
  A jelly (D:6)
  7 orc priests
  A gnoll bouda (D:4)
  5 orc wizards
  4 sleepcaps
  Ijyb (D:5)
  Natasha (D:4)
  5 iguanas (D:5)
  17 gnolls
  12 adders
  2 white imps (D:6)
  2 ufetubi (D:5)
  A ribbon worm (D:2)
  A dart slug (D:5)
  28 orcs
  9 endoplasms
  4 giant cockroaches
  6 goblins
  9 hobgoblins
  4 jackals (D:5)
  2 quokkas
  8 ball pythons
  12 bats
  A frilled lizard (D:1)
  23 kobolds
  5 rats
306 creatures vanquished.

Vanquished Creatures (collateral kills)
  A boulder beetle (D:13)
  A tengu warrior (D:13)
  A glowing orange brain (D:15)
  2 ugly things
  2 cyclopes
  A manticore (D:11)
  A gargoyle (D:10)
  4 kobold demonologists
  A shadow (D:11)
  2 slime creatures (D:15)
  A vampire (D:13)
  2 wraiths
  3 yaks (D:10)
  A basilisk (D:11)
  2 vampire mosquitoes
  2 hell hounds (D:12)
  2 ice beasts (D:8)
  A gnoll sergeant (D:8)
  3 wights (D:9)
  4 killer bees (D:9)
  An electric eel (D:11)
  A howler monkey (D:9)
  2 orc priests
  An orc wizard (D:6)
  3 gnolls
  3 orcs
  5 kobolds
53 creatures vanquished.

Vanquished Creatures (others)
  11 knights
  3 ancestors
14 creatures vanquished.

Grand Total: 373 creatures vanquished

Notes
Turn   | Place    | Note
-------+----------+-------------------------------------------
     0 | D:1      | Newt the Kobold Hunter began the quest for the Orb.
     0 | D:1      | Reached XP level 1. HP: 12/12 MP: 1/1
   121 | D:1      | Reached XP level 2. HP: 18/18 MP: 2/2
   451 | D:1      | Reached XP level 3. HP: 23/23 MP: 3/3
  1070 | D:2      | Reached XP level 4. HP: 26/30 MP: 4/4
  1552 | D:2      | Reached skill level 5 in Fighting
  1828 | D:3      | Reached XP level 5. HP: 35/35 MP: 5/5
  1927 | D:3      | Found a runed translucent gate.
  1934 | D:3      | Found a runed translucent gate.
  1935 | D:3      | Found a runed translucent gate.
  1942 | D:3      | Noticed Sundig's ghost (amateur FoFi)
  2003 | D:3      | Noticed a phantom
  2018 | D:3      | Killed a phantom
  2019 | D:3      | Reached skill level 6 in Ranged Weapons
  2093 | D:3      | Reached skill level 7 in Ranged Weapons
  2093 | D:3      | Reached XP level 6. HP: 40/40 MP: 6/6
  2238 | D:3      | Found an opulent altar of Gozag.
  2602 | D:3      | Found a faded altar of an unknown god.
  2750 | D:4      | Reached skill level 8 in Ranged Weapons
  2873 | D:4      | Found a staircase to the Ecumenical Temple.
  2879 | Temple   | Entered the Ecumenical Temple
  2898 | D:4      | Found a hazy altar of Hepliaklqana.
  2903 | D:4      | Became a worshipper of Hepliaklqana the Forgotten
  2990 | D:4      | Found a transporter.
  2995 | D:4      | Found an ornate altar of the Wu Jian Council.
  2996 | D:4      | Noticed a yak
  2998 | D:4      | Noticed Natasha
  3002 | D:4      | Killed Natasha
  3003 | D:4      | Reached XP level 7. HP: 44/44 MP: 7/7
  3029 | D:4      | Found a transporter.
  3408 | D:4      | Found a basalt altar of Yredelemnul.
  3501 | D:4      | Reached skill level 9 in Ranged Weapons
  3827 | D:5      | Entered Level 5 of the Dungeon
  3909 | D:5      | Found a snail-covered altar of Cheibriados.
  3919 | D:5      | Noticed Menkaure
  3999 | D:5      | Killed Menkaure
  4000 | D:5      | Reached skill level 5 in Dodging
  4226 | D:5      | Reached XP level 8. HP: 49/49 MP: 8/8
  4337 | D:5      | Reached skill level 5 in Stealth
  4616 | D:5      | Noticed Ijyb
  4620 | D:5      | Paralysed by Ijyb for 2 turns
  4630 | D:5      | Killed Ijyb
  4672 | D:5      | Found a sacrificial altar of Ru.
  4676 | D:5      | Found a hide-covered altar of Uskayaw.
  4676 | D:5      | Reached * piety under Hepliaklqana
  5045 | D:6      | Reached skill level 5 in Evocations
  5063 | D:6      | Reached XP level 9. HP: 25/48 MP: 9/9
  5264 | D:6      | Reached skill level 10 in Ranged Weapons
  5463 | D:6      | Reached skill level 11 in Ranged Weapons
  6321 | D:7      | Found a broken altar of Ashenzari.
  6439 | D:7      | Reached skill level 12 in Ranged Weapons
  6501 | D:7      | Reached ** piety under Hepliaklqana
  6502 | D:7      | Remembered your ancestor Amenemopet as a knight
  6654 | D:7      | Noticed a kobold demonologist
  6661 | D:7      | Killed a kobold demonologist
  7025 | D:8      | Reached XP level 10. HP: 42/56 MP: 10/10
  7714 | D:8      | Found a staircase to the Lair.
  7719 | D:8      | Noticed a rime drake
  7725 | D:8      | Killed a rime drake
  7974 | D:8      | Noticed Prince Ribbit
  7986 | D:8      | Killed Prince Ribbit
  8103 | D:8      | Reached skill level 10 in Dodging
  8213 | D:9      | You fall into a shaft and drop 3 floors!
  8309 | D:12     | Noticed Azrael
  8327 | D:11     | Reached XP level 11. HP: 19/63 MP: 11/11
  8333 | D:11     | Noticed a cyclops
  8377 | D:11     | Killed a cyclops
  8802 | D:12     | Noticed a two-headed ogre
  8815 | D:12     | Killed a two-headed ogre
  8816 | D:12     | Reached skill level 1 in Spellcasting
  8816 | D:12     | Reached skill level 1 in Hexes
  8842 | D:12     | Learned a level 3 spell: Sigil of Binding
  8857 | D:12     | Found a staircase to the Orcish Mines.
  9349 | D:12     | Noticed a cyclops
  9361 | D:12     | Killed a cyclops
  9877 | D:11     | Reached *** piety under Hepliaklqana
  9991 | D:11     | Learned a level 3 spell: Confusing Touch
 10071 | D:11     | Noticed a manticore
 10079 | D:11     | Killed a manticore
 10198 | D:11     | Noticed a cyclops
 10204 | D:11     | Killed a cyclops
 10205 | D:11     | Reached skill level 5 in Spellcasting
 10205 | D:11     | Reached skill level 5 in Hexes
 10338 | D:11     | Noticed a white ugly thing
 10353 | D:11     | Killed a white ugly thing
 10696 | D:10     | Entered Level 10 of the Dungeon
 10726 | D:10     | Reached XP level 12. HP: 68/68 MP: 16/20
 10861 | D:10     | Reached skill level 1 in Invocations
 10874 | D:10     | Found a runed translucent door.
 10875 | D:10     | Noticed freelancePsychic's ghost (journeyman DsEE)
 11176 | D:10     | Found a white marble altar of Elyvilon.
 11422 | D:10     | Reached skill level 5 in Invocations
 11736 | D:10     | Found a sparkling altar of Nemelex Xobeh.
 11739 | D:10     | Learned a level 1 spell: Slow
 11783 | D:10     | Reached **** piety under Hepliaklqana
 11888 | D:10     | Learned a level 3 spell: Dazzling Flash
 11908 | D:10     | Killed freelancePsychic's ghost
 12107 | D:9      | Noticed a two-headed ogre
 12117 | D:9      | Killed a two-headed ogre
 12183 | D:9      | Found an iron altar of Okawaru.
 12185 | D:9      | Found a glowing silver altar of Zin.
 12186 | D:9      | Found an ancient bone altar of Kikubaaqudgha.
 12268 | D:9      | Found a shimmering blue altar of Sif Muna.
 12766 | D:9      | Found a burning altar of Makhleb.
 12768 | D:9      | Noticed a blizzard demon
 13039 | D:12     | Noticed a boulder beetle
 13061 | D:12     | Killed a boulder beetle
 13513 | D:12     | Killed Azrael
 13943 | D:13     | Noticed a boulder beetle
 13967 | D:13     | Killed a boulder beetle
 13968 | D:13     | Reached skill level 5 in Conjurations
 13968 | D:13     | Reached XP level 13. HP: 72/72 MP: 18/21
 14486 | D:13     | Reached skill level 13 in Ranged Weapons
 14865 | D:13     | Reached skill level 14 in Ranged Weapons
 15351 | D:13     | Reached skill level 15 in Ranged Weapons
 15439 | D:13     | Noticed a seven-headed hydra
 15445 | D:13     | Killed a seven-headed hydra
 15449 | D:13     | Noticed an ironbound frostheart
 15454 | D:13     | Noticed a vault guard
 15456 | D:13     | Killed an ironbound frostheart
 15501 | D:13     | Killed a vault guard
 15502 | D:13     | Reached skill level 10 in Evocations
 15855 | D:13     | Found a gate to the Vaults.
 16077 | D:14     | Noticed Josephine
 16092 | D:14     | Killed Josephine
 16136 | D:15     | Entered Level 15 of the Dungeon
 16137 | D:15     | HP: 2/72 [cyan ugly thing (18)]
 16139 | D:15     | Noticed Jorgrun
 16729 | D:15     | Reached XP level 14. HP: 76/77 MP: 22/22
 16748 | D:15     | Killed from afar by an efreet

Illustrated notes

Levels and vault maps discovered:
D:1:      heliophobic_arrival_ceremonial_halls, layout_basic
D:2:      minmay_general_purpose_star, layout_basic, minmay_bisected
D:3:      minmay_chambers_of_threes, layout_loops_cross, lemuel_doored_altar,
          gammafunk_ghost_split, basic_ecumenical_altar,
          minmay_randomly_rotated_circles
D:4:      layout_loops_ring, gammafunk_temple_overflow_arena,
          mainiacjoe_overflow_24_doors, mainiacjoe_overflow_catwalk,
          minmay_temple_entry_large_hall, uniq_natasha
D:5:      layout_rooms, kennysheep_slug_shrine, nicolae_overflow_squiral,
          mainiacjoe_sewer_entry_somewhere_in_here_2, uniq_ijyb, uniq_menkaure
D:6:      layout_rooms
D:7:      layout_loops_corners, ashenzari_altar_1, kennysheep_generic_room_13
D:8:      kennysheep_six_static_rooms, layout_loops_ring,
          hellmonk_lair_entry_icy, uniq_prince_ribbit1
D:9:      layout_gridville, kennysheep_mini_moat, makhleb_altar_promises_db,
          minitemple, eino_jars
D:10:     layout_roguey, nemelex_altar_shiori, mainiacjoe_overflow_alcove_4,
          gammafunk_ghost_grave, minivault_27, nicolae_zig_zag_zippers
D:11:     layout_basic, nicolae_have_a_lightning_rod
D:12:     layout_loops_cross, orc_0_dummy, gauntlet_entry_generic, st_stairs_11,
          uniq_azrael
D:13:     layout_loops_corners, hellmonk_vaults_keyhole, nrook_pool_corridor,
          nicolae_figureground_sparkle
D:14:     layout_irregular_city, the_hattery, uniq_kirke, uniq_josephine
D:15:     gammafunk_enter_depths_forms, layout_stronghold, serial_shops, shop,
          minivault_24, minmay_quadrilaterals, uniq_agnes, uniq_jorgrun
Temple:   nicolae_temple_ecumenical_triangle

Skill      XL: |  1  2  3  4  5  6  7  8  9 10 11 12 13 |
---------------+----------------------------------------+-----
Fighting       | 3 4 5 7 9 |  9.0
Ranged Weapons | 7 8 9 12 15 | 15.0
Dodging        | 5 6 10 | 10.0
Stealth        | 6 |  6.0
Evocations     | 5 6 9 12 | 12.4
Spellcasting   | 5 |  5.7
Hexes          | 5 |  5.7
Invocations    | 8 |  8.5
Conjurations   | 5 6 |  6.0

Action                     |  1- 3 |  4- 6 |  7- 9 | 10-12 | 13-15 || total
---------------------------+-------+-------+-------+-------+-------++-------
  Melee: Shortbow          |       |       |     3 |     2 |       ||     5
   Fire: Shortbow          |    77 |   151 |   353 |   701 |   255 ||  1537
   Cast: Sigil of Binding  |       |       |       |     4 |       ||     4
         Confusing Touch   |       |       |       |     2 |       ||     2
         Dazzling Flash    |       |       |       |     6 |     3 ||     9
         Slow              |       |       |       |     3 |     2 ||     5
 Invoke: Ancestor Life: Kn |       |       |     1 |       |       ||     1
         Recall Ancestor   |       |       |       |     2 |     4 ||     6
         Idealise          |       |       |       |     1 |     2 ||     3
  Evoke: Wand              |       |       |     1 |    13 |     8 ||    22
         Tin of tremorston |       |       |       |     1 |     3 ||     4
         Lightning rod     |       |       |       |       |     6 ||     6
    Use: Scroll            |     6 |     5 |     5 |     7 |     4 ||    27
         Potion            |       |       |     2 |     1 |     3 ||     6
 Armour: Leather armour    |     7 |    39 |    87 |   128 |    47 ||   308
  Dodge: Dodged            |    34 |    63 |   140 |   261 |    66 ||   564

Table legend: (Time is in decaauts)
 A = Elapsed time spent in this place.
 B = Non-inter-level travel time spent in this place.
 C = Inter-level travel time spent in this place.
 D = Time resting spent in this place.
 E = Time spent auto-exploring this place.
 F = Levels seen in this place.
 G = Mean time per level.
                   A        B        C        D        E       F      G
               +--------+--------+--------+--------+--------+-----+--------+
         Total |  16649 |  16270 |    379 |   3911 |   9903 |  16 | 1040.6 |
       Dungeon |  16647 |  16270 |    377 |   3911 |   9903 |  15 | 1109.8 |
        Temple |      1 |      0 |      1 |      0 |      0 |   1 |    1.0 |
               +--------+--------+--------+--------+--------+-----+--------+

Top non-repeatable levels by time:
    D:13: 2150 daAuts
    D:12: 1904 daAuts
    D:11: 1565 daAuts
    D:10: 1513 daAuts
     D:8: 1207 daAuts
     D:7: 1189 daAuts
     D:4: 1130 daAuts
     D:5: 1080 daAuts
     D:3: 1020 daAuts
     D:1: 907 daAuts
     D:6: 842 daAuts
     D:2: 832 daAuts
     D:9: 633 daAuts
    D:15: 597 daAuts
    D:14: 72 daAuts
